 Dungeon Crawl Stone Soup version 0.14.0-24-gfb45beb (webtiles) character file.

3589 Maka the Martial Artist (level 10, -21/49 HPs)
             Began as a Vine Stalker Monk on Apr 23, 2014.
             Was an Elder of Okawaru.
             Demolished by an orc knight
             ... wielding a +0,+0 halberd
              (22 damage)
             ... in a bailey.
             The game lasted 00:24:39 (5030 turns).

Maka the Martial Artist (Vine Stalker Monk)         Turns: 5030, Time: 00:24:39

HP -21/49        AC  9     Str 15      XL: 10   Next:  2%
MP   0/13        EV 23     Int 10      God: Okawaru [****..]
Gold 248         SH  0     Dex 19      Spells:  0 memorised,  9 levels left

rFire  + . .     SeeInvis .       - Unarmed
rCold  . . .     Clarity  .     h - +2 robe
rNeg   . . .     Conserve .     (no shield)
rPois  .         rCorr    +     (no helmet)
rElec  .         rRot     +     d - +0 cloak
SustAb . .       Spirit   +     a - +0 pair of gloves
rMut   .         Warding  .     p - +1 pair of boots {+Jump}
Saprov . . .     Stasis   .     m - amulet of resist corrosion
MR     +....                    E - +0,+7 ring of slaying {I don't even}
                                q - ring of protection from fire

@: heroism, somewhat resistant to hostile enchantments, very stealthy
A: fangs 3, regeneration 2, magic shield, antimagic bite, no device heal
a: Heroism, Renounce Religion, Evoke Jump Attack


You were in a bailey.
You worshipped Okawaru.
Okawaru was greatly pleased with you.
You were not hungry.

You visited 2 branches of the dungeon, and saw 9 of its levels.
You also visited: Bailey.

You collected 401 gold pieces.
You spent 153 gold pieces at shops.

Inventory:

Hand weapons
 r - a +1,+2 whip of electrocution
 u - a cursed -3,-3 falchion
 v - a +1,+2 short sword of electrocution
 B - a +0 blowgun
Missiles
 t - 6 javelins (quivered)
 C - 12 poisoned needles
Armour
 a - a +0 pair of gloves (worn)
 d - a +0 cloak (worn)
 h - a +2 robe (worn)
 p - a +1 pair of boots of jumping (worn)
Magical devices
 f - a wand of invisibility (1)
 l - a wand of confusion (10)
 o - a wand of cold (9)
 A - a wand of digging (15)
 D - a wand of polymorph (2)
Comestibles
 b - 6 bread rations
 j - a meat ration
Scrolls
 c - a scroll of magic mapping
 e - 2 scrolls of amnesia
 i - a scroll of remove curse
 n - 3 scrolls of enchant weapon I
Jewellery
 g - an uncursed ring of wizardry
 m - an amulet of resist corrosion (around neck)
 q - a ring of protection from fire (left hand)
 w - an uncursed ring of ice
 x - an uncursed amulet of resist mutation
 E - a +0,+7 ring of slaying (right hand) {I don't even}
Potions
 k - a potion of haste
 s - 3 potions of flight
 z - a potion of magic
 F - a potion of restore abilities
 G - 3 potions of curing
 H - 2 potions of might
 I - a potion of experience {unknown}


   Skills:
 - Level 3.2(8.2) Fighting
 + Level 7.3(12.3) Dodging
 - Level 2.6(7.6) Stealth
 - Level 11.4(16.4) Unarmed Combat


You had 9 spell levels left.
You didn't know any spells.

Dungeon Overview and Level Annotations

Branches:
Dungeon (8/15)             Temple (1/1) D:5
   Lair: D:8-11

Altars:
Ashenzari
Cheibriados
Dithmenos
Fedhas
Kikubaaqudgha
Makhleb
Nemelex Xobeh
Okawaru
Sif Muna
Trog
Vehumet
Xom
Yredelemnul
Zin
The Shining One

Shops:
D:5 [


Innate Abilities, Weirdness & Mutations

You are immune to rotting.
You have razor-sharp teeth.
You heal very quickly.
When hurt, damage is shared between your health and your magic reserves.
Your bite disrupts and absorbs the magic of your enemies.
Potions and wands cannot restore your HP.


Message History

The orc hits you but does no damage.
You hit the orc knight but do no damage.
The orc knight hits you with a halberd!
* * * LOW HITPOINT WARNING * * *
The orc closely misses you.
The orc hits you from afar with a trident.
* * * LOW HITPOINT WARNING * * *
You pummel the orc knight!!
The orc knight is moderately wounded.
The orc knight misses you.
You barely miss the orc knight. You bite the orc knight! You drain its power.
You feel invigorated.
The orc knight is heavily wounded.
The orc hits you from afar with a spear!
* * * LOW HITPOINT WARNING * * *
The orc completely misses you.
You hit the orc knight.
The orc knight is heavily wounded.
The orc knight hits you with a halberd!
You die...

######## ####### #### .......##
##.....#########....
........######.......#.....#.....
))......#...)#.)..((.'.....'o....
)))....))))..).)@)o(.o.....'.o...
)).....)#)...#)..oo..'...!.'.....
........######.......#.....#.....
.......## ##.....#########....
######## ####### ####


You could see an orc knight and 3 orcs.

Vanquished Creatures
  An orc knight (Bailey)
  Grinder (D:5)
  A hungry ghost (D:7)
  7 orc warriors
  3 ogres
  An ice beast (D:6)
  Duvessa (D:6)
  3 centaurs
  A big kobold (D:7)
  4 killer bees (D:5)
  A scorpion (D:7)
  Dowan (D:6)
  A gnoll shaman (D:4)
  3 hounds
  2 iguanas
  2 jellies
  A black bear skeleton (D:4)
  2 orc priests
  4 orc wizards
  6 worker ants
  A sky beast zombie (D:5)
  A worker ant zombie (D:6)
  3 gnolls (D:5)
  7 adders
  An orc zombie (D:5)
  A shadow imp (D:6)
  A giant mite (D:5)
  4 worms
  An iguana skeleton (D:5)
  2 giant eyeballs (D:5)
  4 giant geckos
  5 oozes
  43 orcs
  8 bats
  4 giant cockroaches (D:3)
  7 hobgoblins
  4 quokkas
  A ball python (D:1)
  A giant gecko skeleton (D:5)
  2 giant newts
  19 goblins
  2 goblin skeletons (D:5)
  24 kobolds
  2 orc skeletons
  10 rats
  A rat zombie (D:6)
205 creatures vanquished.

Vanquished Creatures (others)
  A sky beast (D:6)
1 creature vanquished.

Grand Total: 206 creatures vanquished

Notes
Turn   | Place    | Note
--------------------------------------------------------------
     0 | D:1      | Maka, the Vine Stalker Monk, began the quest for the Orb.
     0 | D:1      | Reached XP level 1. HP: 11/11 MP: 1/1
   102 | D:1      | Reached XP level 2. HP: 7/16 MP: 3/3
   255 | D:1      | Reached XP level 3. HP: 17/19 MP: 4/4
   752 | D:2      | Reached XP level 4. HP: 12/24 MP: 3/5
   897 | D:2      | Found a basalt altar of Yredelemnul.
  1146 | D:3      | Reached skill level 5 in Unarmed Combat
  1738 | D:4      | Reached XP level 5. HP: 28/28 MP: 5/7
  1879 | D:4      | Found a sparkling altar of Nemelex Xobeh.
  1986 | D:4      | Noticed an ogre
  2103 | D:4      | Killed an ogre
  2103 | D:4      | Reached skill level 6 in Unarmed Combat
  2103 | D:4      | Gained mutation: You heal very quickly. [vine stalker growth]
  2103 | D:4      | Reached XP level 6. HP: 13/32 MP: 5/8
  2173 | D:5      | Entered Level 5 of the Dungeon
  2238 | D:3      | Found a deep blue altar of Sif Muna.
  2238 | D:3      | Found a shadowy altar of Dithmenos.
  2246 | D:3      | Found a shimmering altar of Xom.
  2492 | D:5      | Found Gaagewne's Antique Armour Shop.
  2667 | D:5      | Noticed Grinder
  2742 | D:4      | HP: 1/32 [gnoll shaman/flail (5)]
  2744 | D:4      | Reached XP level 7. HP: 1/36 MP: 2/9
  2928 | D:5      | Bought a pair of embroidered boots for 153 gold pieces
  3053 | D:5      | Paralysed by something for 4 turns
  3190 | D:5      | Reached skill level 5 in Dodging
  3382 | D:6      | Reached skill level 7 in Unarmed Combat
  3511 | D:5      | Paralysed by Grinder for 3 turns
  3535 | D:5      | Killed Grinder
  3535 | D:5      | Reached skill level 8 in Unarmed Combat
  3535 | D:5      | Gained mutation: You have razor-sharp teeth. [vine stalker growth]
  3535 | D:5      | Reached XP level 8. HP: 35/40 MP: 11/11
  3592 | D:5      | Found a staircase to the Ecumenical Temple.
  3595 | D:5      | Paralysed by a giant eyeball for 4 turns
  3629 | D:5      | Reached skill level 9 in Unarmed Combat
  3658 | Temple   | Entered the Ecumenical Temple
  3681 | Temple   | Became a worshipper of Warmaster Okawaru
  3681 | Temple   | Acquired Okawaru's first power
  4100 | D:6      | Noticed Duvessa
  4100 | D:6      | Noticed Dowan
  4287 | D:6      | Killed Duvessa
  4287 | D:6      | Reached skill level 10 in Unarmed Combat
  4291 | D:6      | Killed Dowan
  4355 | D:6      | Reached XP level 9. HP: 44/44 MP: 12/12
  4535 | D:7      | Reached skill level 11 in Unarmed Combat
  4679 | D:7      | Found an ancient bone altar of Kikubaaqudgha.
  4680 | D:7      | Found a blossoming altar of Fedhas.
  4806 | D:8      | Found a flagged portal.
  4830 | Bailey   | Entered a bailey
  5001 | Bailey   | Noticed an orc knight
  5001 | Bailey   | Noticed an orc knight
  5026 | Bailey   | Killed an orc knight
  5026 | Bailey   | Reached XP level 10. HP: 16/49 MP: 8/13
  5027 | Bailey   | HP: 2/49 [orc knight/halberd (15)]
  5030 | Bailey   | Demolished by an orc knight

Action                   |  1- 3 |  4- 6 |  7- 9 | 10-12 || total
-------------------------+-------+-------+-------+-------++-------
Melee: Unarmed           |   118 |   212 |   297 |     4 ||   631
Throw: Javelin           |       |       |    18 |       ||    18
Invok: Heroism           |       |       |     5 |       ||     5
Evoke: Wand              |       |       |     4 |       ||     4
  Use: Scroll            |       |    13 |     7 |       ||    20
 Stab: Sleeping          |     1 |     6 |     5 |       ||    12
       Distracted        |       |       |     3 |       ||     3
